 Dungeon Crawl Stone Soup version 0.20.1-1-g8b1a95d (webtiles) character file.

2539 polve the Carver (level 9, -1/66 HPs)
             Began as a Demonspawn Gladiator on July 9, 2017.
             Slain by a wight
             ... wielding a +1 halberd
              (10 damage)
             ... on level 7 of the Dungeon on July 10, 2017.
             The game lasted 00:11:51 (8965 turns).

polve the Carver (Demonspawn Gladiator)             Turns: 8965, Time: 00:11:52

Health: -1/66      AC: 15    Str: 15    XL:     9   Next: 30%
Magic:  10/10      EV: 14    Int: 12    God:
Gold:   318        SH:  0    Dex: 17    Spells: 8/10 levels left

rFire    . . .     SeeInvis +   a - +0 long sword
rCold    + + .     Gourm    .   (no shield)
rNeg     . . .     Faith    .   H - +1 robe {MR+}
rPois    .         Spirit   .   c - +0 helmet
rElec    .         Reflect  .   o - +0 cloak
rCorr    .         Harm     .   (no gloves)
MR       ++...     Clarity  +   t - +0 pair of boots
Stlth    ++++......             (no amulet)
Regen    0.3/turn               l - ring of protection from magic
MPRegen  0.2/turn               C - ring of see invisible

@: sanguine armour, drained
A: hooves 1, blurry vision 1, clarity, clever 1, cold resistance 2, nightstalker
1, evolution 1, rot immunity, sanguine armour 2
a: no special abilities


You were on level 7 of the Dungeon.
You were not hungry.

You visited 1 branch of the dungeon, and saw 7 of its levels.

You collected 318 gold pieces.

Inventory:

Hand Weapons
 a - a +0 long sword (weapon)
Missiles
 d - 3 throwing nets (quivered)
Armour
 c - a +0 helmet (worn)
 o - a +0 cloak (worn)
 t - a +0 pair of boots (worn)
 H - a +1 robe of magic resistance (worn)
Jewellery
 l - a ring of protection from magic (left hand)
 C - a ring of see invisible (right hand)
Wands
 u - a wand of random effects (27/48)
 w - a wand of enslavement (15/24)
Scrolls
 h - 5 scrolls of identify {unknown}
 i - 6 scrolls of teleportation {unknown}
 k - a scroll of fog {unknown}
 m - a scroll of remove curse {unknown}
 n - a scroll of random uselessness {unknown}
 r - a scroll of fear {unknown}
 y - a scroll of blinking {unknown}
 A - 2 scrolls of amnesia {unknown}
 B - a scroll of immolation {unknown}
 I - a scroll of holy word {unknown}
 J - a scroll of enchant armour {unknown}
Potions
 b - a potion of berserk rage {unknown}
 e - 3 potions of curing
 p - a potion of mutation {unknown}
 q - 3 potions of flight {unknown}
 z - 2 potions of brilliance {unknown}
 D - a potion of heal wounds {unknown}
 E - a potion of magic {unknown}
 G - a potion of cancellation {unknown}
Books
 s - a book of Maledictions

   Spells                             Type                      Level
   a - Corona                         Hexes                        1
   b - Ensorcelled Hibernation        Hexes/Ice                    2
   c - Confuse                        Hexes                        3
   d - Tukima's Dance                 Hexes                        3
   e - Dazzling Spray                 Conjuration/Hexes            3
 x - a book of Misfortune

   Spells                             Type                      Level
   a - Confusing Touch                Hexes                        1
   b - Confuse                        Hexes                        3
   c - Gell's Gravitas                Translocation                3
   d - Petrify                        Transmutation/Earth          4
   e - Metabolic Englaciation         Hexes/Ice                    5
   f - Yara's Violent Unravelling     Hexes/Transmutation          5
Comestibles
 f - 8 bread rations
 g - 8 fruits
 j - 3 royal jellies
 v - 2 meat rations


   Skills:
 + Level 4.7(3.5) Fighting
 - Level 8.0(6.7) Long Blades
 - Level 1.7(0.7) Throwing
 - Level 4.1(3.0) Armour
 + Level 4.7(3.6) Dodging
 - Level 5.0(3.8) Stealth
 * Level 1.0(0.0) Spellcasting
 * Level 1.4(0.3) Hexes


You had 8 spell levels left.
You knew the following spells:

 Your Spells              Type           Power        Failure   Level  Hunger
a - Ensorcelled Hibernat  Hex/Ice        #.....       43%         2    ###....


Dungeon Overview and Level Annotations

Branches:
Dungeon (7/15)
 Temple: D:4-7

Altars:
Dithmenos
Fedhas
Gozag
Okawaru
Sif Muna
Zin

Shops:
D:5 !


Innate Abilities, Weirdness & Mutations

You have large cloven feet.
You are slightly more attuned to the shadows.
You are immune to rotting.
When seriously injured, your bleeding wounds create thick armour. (AC +9)
Scrolls take you a little longer to read.
You possess an exceptional clarity of mind.
Your mind is acute. (Int +2)
Your flesh is very cold resistant. (rC++)
You evolve.


Message History

The wight misses you.
You hit the orc.
You kill the orc!
The wight barely misses you.
You hit the wight but do no damage. The wight barely misses you.
You riposte.
You barely miss the wight. The wight barely misses you.
You hit the wight.
The wight is moderately damaged.
The wight hits you from afar with a spear of piercing!
* * * LOW HITPOINT WARNING * * *
You feel drained.
* * * LOW HITPOINT WARNING * * *
x2 The wight hits you with an enchanted falchion.
* * * LOW HITPOINT WARNING * * *
You feel drained.
You hit the wight but do no damage.
The wight is moderately damaged.
The wight misses you.
The wight hits you from afar with an enchanted halberd!
You die...

#.<...# #..#..#
##....##
#....(#
#.....####....#
#......# ####..
#......## #.. #
##.......# ##..
#. ##zz.###..##
#..# #.##zz###
##..###.##
#.@### ##.z...#
#### #....###
##..###.
.....$..
..........
#....#####
#####


You could see 4 wights.

Vanquished Creatures
  Grinder (D:4)
  Menkaure (D:4)
  Duvessa (D:5)
  A water moccasin (D:5)
  3 sky beasts
  A necrophage (D:6)
  2 centaurs
  3 ogres
  2 bullfrogs
  Dowan (D:5)
  3 scorpions
  2 crimson imps (D:6)
  A quasit (D:6)
  A bullfrog zombie (D:7)
  An orc priest (D:6)
  A bullfrog skeleton (D:5)
  2 hounds
  4 orc wizards
  A centaur skeleton (D:6)
  Jessica (D:2)
  Terence (D:2)
  An iguana (D:6)
  5 worker ants
  3 hound skeletons
  A worker ant zombie (D:5)
  6 gnolls
  7 adders
  2 shadow imps
  3 oozes
  An adder skeleton (D:5)
  2 worms
  2 dart slugs
  4 leopard geckos
  17 orcs
  11 bats
  8 giant cockroaches
  9 hobgoblins
  10 jackals (D:3)
  4 ball pythons
  15 frilled lizards
  9 goblins
  6 kobolds
  A quokka skeleton (D:6)
  14 rats
175 creatures vanquished.

Vanquished Creatures (others)
  5 bushes (D:6)
5 creatures vanquished.

Grand Total: 180 creatures vanquished

Notes
Turn   | Place    | Note
-------+----------+-------------------------------------------
     0 | D:1      | polve the Demonspawn Gladiator began the quest for the Orb.
     0 | D:1      | Reached XP level 1. HP: 16/16 MP: 1/1
   112 | D:1      | Reached skill level 3 in Long Blades
   120 | D:1      | Gained mutation: When seriously injured, your bleeding wounds create armour. (AC +9) [demonic ancestry]
   120 | D:1      | Reached XP level 2. HP: 20/22 MP: 2/2
   553 | D:1      | Gained mutation: You are immune to rotting. [demonic ancestry]
   553 | D:1      | Reached XP level 3. HP: 26/27 MP: 3/3
   838 | D:1      | Reached skill level 4 in Long Blades
  1157 | D:2      | Gained mutation: You have large cloven feet. [demonic ancestry]
  1157 | D:2      | Reached XP level 4. HP: 33/33 MP: 4/4
  1442 | D:2      | Found a glowing silver altar of Zin.
  1443 | D:2      | Found a deep blue altar of Sif Muna.
  1700 | D:2      | Noticed Terence
  1720 | D:2      | Killed Terence
  1720 | D:2      | Reached skill level 5 in Long Blades
  1911 | D:2      | Noticed Jessica
  1914 | D:2      | Killed Jessica
  1914 | D:2      | Reached XP level 5. HP: 33/38 MP: 5/5
  2390 | D:3      | Reached skill level 1 in Armour
  3284 | D:4      | Noticed Grinder
  3287 | D:4      | Paralysed by Grinder for 6 turns
  3300 | D:4      | Killed Grinder
  3300 | D:4      | Reached skill level 6 in Long Blades
  3300 | D:4      | Gained mutation: When seriously injured, your bleeding wounds create thick armour. (AC +9) [demonic ancestry]
  3300 | D:4      | Reached XP level 6. HP: 21/44 MP: 6/6
  3774 | D:4      | Found a shadowy altar of Dithmenos.
  4003 | D:4      | Found a glowing drain.
  4138 | D:4      | Reached XP level 7. HP: 37/50 MP: 7/7
  4498 | D:4      | Noticed Menkaure
  4510 | D:4      | Killed Menkaure
  4974 | D:4      | Reached skill level 7 in Long Blades
  5182 | D:5      | Entered Level 5 of the Dungeon
  5182 | D:5      | Found Edghuank's Distillery.
  5195 | D:5      | Noticed Duvessa
  5196 | D:5      | Noticed Dowan
  5234 | D:5      | Killed Duvessa
  5237 | D:5      | Killed Dowan
  5451 | D:4      | Gained mutation: You are slightly more attuned to the shadows. [demonic ancestry]
  5451 | D:4      | Reached XP level 8. HP: 19/56 MP: 8/8
  5468 | D:4      | HP: 2/56 [centaur (5)]
  5468 | D:4      | Reached skill level 8 in Long Blades
  5858 | D:5      | Found an iron altar of Okawaru.
  5881 | D:5      | Reached skill level 1 in Stealth
  6446 | D:5      | Gained mutation: Your mind is acute. (Int +2) [mutagenic meat]
  6447 | D:5      | Gained mutation: Your flesh is cold resistant. (rC+) [mutagenic meat]
  6448 | D:5      | Gained mutation: You evolve. [mutagenic meat]
  6449 | D:5      | Gained mutation: Your flesh is very cold resistant. (rC++) [mutagenic meat]
  6450 | D:5      | Gained mutation: Scrolls take you a little longer to read. [mutagenic meat]
  6451 | D:5      | Gained mutation: You possess an exceptional clarity of mind. [mutagenic meat]
  6571 | D:5      | Reached skill level 5 in Stealth
  7555 | D:5      | Found an opulent altar of Gozag.
  7918 | D:6      | Reached XP level 9. HP: 39/65 MP: 9/9
  8331 | D:6      | Learned a level 2 spell: Ensorcelled Hibernation
  8525 | D:6      | Found a blossoming altar of Fedhas.
  8730 | D:7      | Reached skill level 1 in Hexes
  8961 | D:7      | Reached skill level 1 in Spellcasting
  8965 | D:7      | Slain by a wight

Skill      XL: |  1  2  3  4  5  6  7  8  9 |
---------------+----------------------------+-----
Long Blades    | 3 4 5 6 7 8 |  8.0
Armour         | 3 4 |  4.1
Stealth        | 5 |  5.0
Dodging        | 3 4 |  4.7
Fighting       | 3 4 |  4.7
Hexes          | 1 |  1.4
Spellcasting   | 1 |  1.0
Throwing       | |  1.7

Action                   |  1- 3 |  4- 6 |  7- 9 || total
-------------------------+-------+-------+-------++-------
Melee: Long sword        |    72 |   208 |   451 ||   731
       Kick              |       |    42 |       ||    42
  Use: Potion            |     1 |       |     1 ||     2
 Stab: Sleeping          |     2 |       |     4 ||     6
  Eat: Chunk             |     1 |    10 |    23 ||    34
Armor: Leather armour    |    27 |     7 |       ||    34
       Chain mail        |       |   101 |   230 ||   331
       Robe              |       |       |    46 ||    46
Dodge: Dodged            |    53 |    81 |   251 ||   385
       Rpst.: Long sword |    21 |    21 |    66 ||   108
